Map: Dusk Towers (3.1.3 Balance v1.0)

Players

Panick - Winner!

  • Race: Protoss Protoss
  • League: Platinum

Player 2

  • Race: Protoss Protoss

VOD

Have the link to the VOD?

Description

Time

  • Played on: Feb. 24, 2016, 10:58 p.m.
  • Length: 17:30
Show
View Real Time Build Order
Export as new Build Order

Panick Protoss - Winner!

Build Orders: 1 Gate Expand 

Get SALT Encoding   

  12  0:01  Probe (Chrono Boost)  
  13  0:11  Probe (Chrono Boost)  
  14  0:18  Pylon  
  14  0:23  Probe (Chrono Boost)  
  15  0:36  Probe (Chrono Boost)  
  15  0:38  Gateway  
  16  0:47  Probe (Chrono Boost), Assimilator  
  17  0:58  Probe (Chrono Boost)  
  18  1:22  Nexus  
  18  1:31  Cybernetics Core  
  18  1:35  Probe (Chrono Boost)  
  19  1:45  Probe (Chrono Boost)  
  20  1:47  Assimilator  
  20  1:56  Probe (Chrono Boost)  
  20  2:01  Pylon  
  21  2:06  Probe (Chrono Boost)  
  22  2:09  Warp Gate  
  22  2:19  Adept, Mothership Core (Chrono Boost)  
  26  2:35  Probe (Chrono Boost)  
  27  2:38  Probe (Chrono Boost)  
  28  2:57  Probe x2 (Chrono Boost)  
  32  3:07  Probe x2 (Chrono Boost)  
  32  3:11  Gateway  
  34  3:13  Sentry, Gateway  
  34  3:17  Robotics Facility  
  34  3:19  Probe (Chrono Boost)  
  36  3:20  Probe (Chrono Boost)  
  36  3:30  Probe x2 (Chrono Boost)  
  38  3:40  Probe (Chrono Boost)  
  38  3:41  Probe (Chrono Boost)  
  40  3:47  Forge  
  40  3:51  Probe x2 (Chrono Boost)  
  42  4:02  Probe x2 (Chrono Boost)  
  44  4:09  Pylon  
  44  4:12  Probe x2 (Chrono Boost)  
  44  4:14  Pylon  
  46  4:17  Assimilator  
  46  4:19  Protoss Ground Weapons Level 1 (Chrono Boost)  
  46  4:21  Assimilator  
  46  4:27  Probe  
  47  4:36  Gateway  
  47  4:37  Probe  
  47  4:39  Gateway  
  47  4:40  Probe  
  47  4:44  Gateway  
  49  4:45  Pylon  
  49  4:49  Pylon  
  49  4:54  Phoenix  
  49  4:58  Stalker  
  49  4:59  Stalker x2  
  55  5:04  Immortal  
  55  5:05  Probe  
  55  5:06  Probe  
  61  5:13  Stargate  
  61  5:16  Probe  
  61  5:19  Probe  
  63  5:27  Probe  
  63  5:31  Probe  
  63  5:35  Zealot x2  
  67  5:36  Zealot  
  71  5:44  Pylon  
  71  5:46  Protoss Ground Armor Level 1 (Chrono Boost)  
  71  5:49  Immortal (Chrono Boost)  
  75  5:56  Stalker  
  77  6:02  Probe x2, Pylon  
  77  6:03  Stalker x3  
  85  6:23  Nexus  
  85  6:24  Probe x2  
  85  6:25  Pylon  
  87  6:26  Pylon  
  87  6:29  Oracle  
  90  6:38  Probe  
  90  6:39  Probe  
  92  6:54  Gateway  
  92  6:55  Gateway  
  92  6:56  Gateway  
  92  7:02  Probe x2  
  92  7:05  Robotics Facility  
  92  7:07  Pylon  
  94  7:10  Twilight Council  
  94  7:11  Pylon  
  94  7:15  Observer (Chrono Boost)  
  95  7:22  Probe x2  
  97  7:38  Protoss Ground Weapons Level 2  
  97  7:42  Probe  
  97  7:43  Probe  
  97  7:44  Probe  
  100  7:47  Assimilator, Stalker x6  
  100  7:51  Assimilator  
  112  7:53  Probe  
  112  7:55  Probe, Pylon  
  112  7:56  Probe  
  115  8:01  Charge  
  114  8:06  Probe  
  114  8:08  Probe  
  116  8:14  Probe  
  116  8:16  Probe  
  118  8:30  Robotics Bay  
  118  8:33  Immortal (Chrono Boost)  
  126  8:36  Probe  
  126  8:37  Probe x2  
  126  8:38  Immortal (Chrono Boost)  
  126  8:40  Zealot x7  
  143  8:46  Probe  
  144  8:49  Probe x2  
  146  8:59  Nexus  
  146  9:01  Pylon  
  146  9:03  Pylon  
  146  9:07  Pylon  
  146  9:08  Stalker  
  148  9:17  Extended Thermal Lance  
  142  9:24  Pylon  
  130  9:36  Protoss Ground Armor Level 2  
  130  9:37  Stalker x2  
  130  9:38  Stalker x5  
  127  9:39  Stalker x2  
  119  9:46  Colossus (Chrono Boost)  
  121  10:09  Stalker  
  121  10:12  Assimilator  
  123  10:14  Colossus (Chrono Boost)  
  123  10:17  Assimilator  
  123  10:33  Colossus (Chrono Boost)  
  123  10:35  Gateway x2  
  129  10:40  Pylon  
  129  10:44  Adept x6  
  129  10:45  Adept x3  
  147  10:53  Void Ray  
  151  10:58  Templar Archives  
  151  11:01  Pylon  
  157  11:08  Colossus (Chrono Boost)  
  157  11:19  Warp Prism (Chrono Boost)  
  157  11:23  Stargate  
  159  11:35  Void Ray  
  159  11:38  Stalker  
  159  11:39  Stalker x4  
  173  11:41  High Templar x4  
  173  11:45  Archon x2  
  181  11:51  Colossus (Chrono Boost)  
  193  12:01  Colossus (Chrono Boost)  
  193  12:02  High Templar x3  
  193  12:06  Archon  
  199  12:34  Nexus  
  199  12:37  Pylon  
  199  12:38  Pylon  
  199  12:40  Pylon  
  199  12:43  Assimilator  
  179  12:49  Assimilator, High Templar x4  
  179  12:50  High Templar x5  
  177  12:53  Archon x2  
  177  12:54  Archon x2  
  155  13:02  Void Ray  
  155  13:03  Protoss Ground Weapons Level 3  
  137  13:13  Zealot  
  137  13:14  Zealot  
  141  13:26  Zealot x3  
  141  13:27  Zealot x6  
  151  13:48  Zealot x2  
  151  13:49  Zealot x9  
  151  13:55  Void Ray, Immortal (Chrono Boost)  
  181  13:56  Void Ray  
  181  14:00  Immortal (Chrono Boost)  
  189  14:14  Zealot  
  189  14:15  Zealot x5  
  189  14:37  High Templar x3  
  189  14:38  High Templar x5  
  197  14:45  Archon x2  
  197  14:46  Archon x2  
  193  15:20  Stalker x2  
  193  15:21  Stalker x3  
  197  16:35  Zealot  
Show
View Real Time Build Order
Export as new Build Order

Player 2 Protoss 

Build Orders: Zealot Archon 

Get SALT Encoding   

  12  0:01  Probe (Chrono Boost)  
  13  0:11  Probe (Chrono Boost)  
  14  0:20  Pylon  
  14  0:22  Probe (Chrono Boost)  
  15  0:38  Probe (Chrono Boost)  
  16  0:47  Assimilator  
  16  0:49  Probe (Chrono Boost), Gateway  
  17  0:59  Probe (Chrono Boost)  
  17  1:00  Pylon  
  18  1:10  Probe (Chrono Boost)  
  19  1:20  Probe (Chrono Boost)  
  20  1:31  Probe (Chrono Boost)  
  21  1:37  Zealot  
  23  1:40  Cybernetics Core  
  23  1:42  Probe (Chrono Boost)  
  24  1:54  Probe (Chrono Boost)  
  25  2:01  Nexus  
  25  2:13  Gateway  
  25  2:19  Pylon  
  25  2:23  Zealot  
  25  2:25  Warp Gate  
  25  2:28  Probe (Chrono Boost)  
  28  2:40  Probe (Chrono Boost), Assimilator  
  29  2:48  Adept  
  32  2:52  Probe (Chrono Boost)  
  32  2:58  Adept  
  32  3:03  Pylon, Probe (Chrono Boost)  
  35  3:14  Adept  
  35  3:15  Probe (Chrono Boost)  
  38  3:23  Stalker  
  38  3:26  Probe (Chrono Boost)  
  41  3:28  Probe (Chrono Boost)  
  42  3:38  Probe (Chrono Boost)  
  42  3:40  Probe (Chrono Boost)  
  44  3:45  Robotics Facility  
  44  3:49  Adept, Probe (Chrono Boost)  
  44  3:51  Probe (Chrono Boost)  
  48  3:58  Adept  
  48  4:00  Probe (Chrono Boost)  
  48  4:02  Probe (Chrono Boost)  
  52  4:12  Pylon, Probe (Chrono Boost)  
  52  4:14  Probe (Chrono Boost)  
  54  4:23  Probe (Chrono Boost)  
  55  4:25  Probe (Chrono Boost)  
  55  4:27  Stalker  
  55  4:30  Immortal  
  58  4:33  Pylon  
  58  4:34  Probe (Chrono Boost)  
  58  4:36  Probe (Chrono Boost)  
  58  4:38  Stalker  
  67  4:46  Probe (Chrono Boost)  
  67  4:48  Probe (Chrono Boost)  
  67  4:52  Stalker, Robotics Facility  
  70  5:03  Probe (Chrono Boost)  
  70  5:05  Probe (Chrono Boost), Immortal  
  72  5:11  Pylon  
  76  5:16  Pylon  
  76  5:19  Stalker  
  78  5:25  Twilight Council  
  78  5:29  Sentry, Assimilator  
  78  5:30  Probe (Chrono Boost)  
  81  5:37  Assimilator  
  81  5:42  Probe (Chrono Boost)  
  82  5:45  Pylon  
  82  5:52  Probe x2 (Chrono Boost), Gateway  
  84  6:02  Zealot  
  84  6:03  Probe x2 (Chrono Boost)  
  88  6:05  Dark Shrine  
  88  6:10  Pylon  
  88  6:13  Stalker  
  88  6:14  Probe (Chrono Boost)  
  91  6:21  Stalker  
  93  6:33  Forge  
  93  6:34  Sentry  
  93  6:37  Pylon  
  95  6:40  Forge, Nexus  
  95  6:42  Stalker  
  97  7:01  Protoss Ground Armor Level 1  
  97  7:03  Stalker x2  
  97  7:04  Pylon, Stalker  
  97  7:06  Protoss Ground Weapons Level 1  
  103  7:22  Observer  
  103  7:24  Dark Templar  
  103  7:25  Dark Templar, Gateway  
  103  7:28  Photon Cannon, Stalker  
  103  7:29  Pylon  
  110  7:31  Archon  
  110  7:32  Pylon  
  110  7:50  Dark Templar  
  112  7:52  Photon Cannon  
  112  7:53  Probe x2 (Chrono Boost)  
  112  7:54  Dark Templar, Probe (Chrono Boost)  
  112  7:56  Zealot, Photon Cannon  
  112  7:57  Photon Cannon  
  119  8:01  Assimilator  
  119  8:04  Probe (Chrono Boost)  
  119  8:05  Probe (Chrono Boost), Pylon  
  122  8:06  Probe (Chrono Boost)  
  122  8:12  Archon  
  122  8:15  Dark Templar  
  122  8:16  Probe (Chrono Boost)  
  122  8:17  Probe (Chrono Boost)  
  122  8:18  Probe (Chrono Boost)  
  122  8:19  Sentry  
  129  8:21  Assimilator  
  129  8:25  Photon Cannon  
  130  8:27  Probe (Chrono Boost), Pylon  
  130  8:28  Dark Templar  
  130  8:29  Probe (Chrono Boost)  
  130  8:30  Probe (Chrono Boost)  
  130  8:33  Archon  
  134  8:37  Dark Templar  
  134  8:38  Probe (Chrono Boost)  
  138  8:41  Probe (Chrono Boost)  
  138  8:44  Probe (Chrono Boost)  
  138  8:46  Dark Templar  
  138  8:47  Blink  
  141  8:49  Photon Cannon  
  141  8:50  Probe (Chrono Boost)  
  141  8:52  Photon Cannon  
  141  8:53  Probe (Chrono Boost)  
  141  8:55  Protoss Ground Weapons Level 2  
  143  9:00  Nexus  
  143  9:09  Immortal  
  143  9:16  Archon, Immortal  
  147  9:21  Stalker  
  147  9:22  Pylon, Zealot  
  155  9:24  Zealot  
  155  9:27  Zealot  
  129  9:42  Stalker  
  129  9:43  Adept, Zealot  
  119  9:46  Zealot  
  101  9:57  Observer  
  101  9:58  Immortal  
  97  10:02  Dark Templar  
  97  10:06  Adept, Sentry, Stalker  
  109  10:08  Archon  
  109  10:23  Assimilator  
  109  10:24  Assimilator, Stalker  
  109  10:27  Dark Templar x2, Immortal  
  115  10:31  Sentry, Pylon  
  115  10:35  Warp Prism, Photon Cannon  
  121  10:37  Archon  
  123  10:45  Zealot  
  123  10:46  Gateway  
  125  10:52  Photon Cannon  
  125  10:53  Sentry  
  125  10:54  Nexus, Pylon  
  127  10:57  Dark Templar, Stalker  
  127  11:01  Protoss Ground Armor Level 2  
  127  11:02  Warp Prism  
  131  11:04  Stalker  
  131  11:09  Observer  
  136  11:14  Sentry  
  136  11:17  Photon Cannon  
  138  11:19  Adept  
  138  11:22  Photon Cannon  
  140  11:25  Stalker  
  140  11:27  Sentry  
  140  11:29  Observer  
  145  11:35  Stalker  
  145  11:37  Stalker, Robotics Facility  
  145  11:39  Dark Templar  
  151  11:47  Photon Cannon, Stalker  
  153  11:48  Adept  
  153  11:51  Photon Cannon  
  153  11:53  Archon  
  155  11:55  Gateway  
  155  11:56  Dark Templar  
  155  11:59  Stalker  
  159  12:07  Dark Templar  
  159  12:08  Stargate, Stalker  
  163  12:12  Stalker  
  165  12:20  Pylon, Stalker  
  167  12:23  Robotics Bay  
  167  12:29  Archon  
  167  12:30  Dark Templar  
  167  12:36  Stalker  
  169  12:37  Dark Templar  
  169  12:38  Stalker  
  169  12:40  Archon  
  169  12:41  Stalker  
  157  12:49  Stalker  
  133  12:57  Zealot  
  113  12:58  Stalker  
  113  12:59  Zealot  
  113  13:01  Zealot  
  92  13:05  Zealot  
  92  13:08  Gravitic Drive  
  92  13:09  Stalker  
  92  13:10  Observer  
  87  13:13  Immortal  
  87  13:16  Dark Templar  
  87  13:18  Adept  
  95  13:20  Dark Templar, Adept  
  95  13:21  Immortal  
  95  13:24  Sentry  
  105  13:28  Immortal  
  105  13:30  Stalker  
  105  13:36  Stalker  
  105  13:37  Zealot  
  93  13:45  Adept, Zealot  
  97  13:50  Adept  
  97  13:52  Sentry  
  101  13:55  Zealot  
  101  13:58  Stalker  
  101  14:01  Immortal  
  105  14:04  Zealot, Stalker  
  105  14:09  Zealot  
  115  14:13  Zealot  
  115  14:14  Stalker  
  119  14:19  Stalker, Immortal  
  119  14:22  Zealot  
  121  14:25  Stalker  
  121  14:27  Zealot  
  93  14:31  Adept  
  93  14:35  Sentry  
  84  14:40  Zealot  
  84  14:41  Adept  
  84  14:42  Probe (Chrono Boost)  
  84  14:43  Probe (Chrono Boost)  
  84  14:45  Probe (Chrono Boost), Zealot  
  74  14:46  Dark Templar  
  74  14:49  Probe (Chrono Boost)  
  74  14:50  Probe (Chrono Boost), Zealot  
  74  14:51  Adept x2, Zealot x2  
  74  14:52  Zealot  
  77  14:56  Probe (Chrono Boost), Pylon  
  77  14:57  Stalker  
  66  15:10  Adept, Sentry, Zealot, Stalker  
  66  15:13  Stalker  
  64  15:18  Pylon, Zealot  
  62  15:27  Probe (Chrono Boost)  
  62  15:28  Stalker  
  49  15:29  Sentry  
  49  15:31  Adept, Stalker  
  34  16:16  Nexus  
  34  16:25  Nexus  
  34  16:32  Gateway  
Tags
 
Add a new tag
Caveats
  • Supply blocks, unpowered buildings, or Contaminate may cause inaccurate times.
  • Supply counts are checked every 10 seconds.